 Dungeon Crawl Stone Soup version 0.22-a0-160-gcc81d7a (webtiles) character file.

131 theanonym the Chopper (level 4, -3/37 HPs)
             Began as a Mummy Chaos Knight on Feb 10, 2018.
             Slain by an orc warrior
             ... wielding a +0 trident
              (8 damage)
             ... on level 6 of the Dungeon.
             The game lasted 00:07:54 (2416 turns).

theanonym the Chopper (Mummy Chaos Knight)          Turns: 2416, Time: 00:07:55

Health: -3/37      AC: 10    Str: 21    XL:     4   Next: 91%
Magic:  4/4        EV:  4    Int: 11    God:    Xom [.*....]
Gold:   165        SH:  7    Dex: 11    Spells: 3/3 levels left

rFire    x . .     SeeInvis +   a - +0 war axe
rCold    + . .     Gourm    .   c - +0 shield
rNeg     + + +     Faith    .   g - +0 chain mail
rPois    ∞         Spirit   .   e - +0 helmet
rElec    .         Reflect  .   i - +0 cloak
rCorr    .         Harm     .   (no gloves)
MR       .....     Rnd*Tele +   (no boots)
Stlth    ..........             (no amulet)
HPRegen  0.12/turn              h - ring of teleportation (curse)
MPRegen  0.09/turn              d - ring of see invisible

@: mighty
A: no food or potions, fire vulnerability, cold resistance 1, negative energy
resistance 3, torment resistance, unbreathing
a: Renounce Religion


Innate Abilities, Weirdness & Mutations

You do not eat or drink.
Your flesh is vulnerable to fire.
You are immune to poison.
Your flesh is cold resistant. (rC+)
You are immune to negative energy. (rN+++)
You are immune to unholy pain and torment.
You can survive without breathing.


   Skills:
 + Level 4.0 Fighting
 * Level 4.1 Axes
 - Level 1.5 Armour
 - Level 0.7 Dodging


You had 3 spell levels left.
You didn't know any spells.

Skill      XL: |  1  2  3  4 |
---------------+-------------+-----
Axes           | 3 4 |  4.1
Fighting       | 4 |  4.0
Armour         | |  1.5
Dodging        | |  0.7

Action                   |  1- 3 |  4- 6 || total
-------------------------+-------+-------++-------
Melee: Hand axe          |   171 |    42 ||   213
       War axe           |       |    24 ||    24
Evoke: Wand              |       |     3 ||     3
  Use: Scroll            |     3 |     4 ||     7
 Stab: Confused          |     1 |     1 ||     2
Armor: Leather armour    |    19 |       ||    19
       Chain mail        |   113 |    51 ||   164
Dodge: Dodged            |    48 |    15 ||    63
Block: Shield            |    60 |    30 ||    90

Inventory:

Hand Weapons
 a - a +0 war axe (weapon)
   (You found it on level 3 of the Dungeon)
 l - a +0 hand axe of chaos
Armour
 b - a +2 leather armour
 c - a +0 shield (worn)
   (You found it on level 1 of the Dungeon)
 e - a +0 helmet (worn)
   (You found it on level 3 of the Dungeon)
 g - a +0 chain mail (worn)
   (You found it on level 1 of the Dungeon)
 i - a +0 cloak (worn)
   (You found it on level 1 of the Dungeon)
Jewellery
 d - a ring of see invisible (right hand)
   (You found it on level 2 of the Dungeon)
 h - a cursed ring of teleportation (left hand)
   (You found it on level 1 of the Dungeon)
Wands
 v - a wand of acid (4) {god gift}
   (Xom gifted it to you on level 1 of the Dungeon)
Scrolls
 j - 2 scrolls of amnesia
 k - a scroll of enchant weapon
 n - a scroll of remove curse


You were on level 6 of the Dungeon.
You worshipped Xom.
You were a plaything of Xom.
You were not hungry.

You visited 1 branch of the dungeon, and saw 5 of its levels.

You collected 165 gold pieces.

Dungeon Overview and Level Annotations

Branches:
Dungeon (4/15)
 Temple: D:4-7

Altars:
Xom

###########
#o§.ooo...#
#o#####.###
#y# #.# #@#
##o########
#§#
#....[....#
###...##+##
#......o..#
...$.....#
#.........#
#........#
#.o.......#
#........#
#.........#
#...o....#
##'########
#........#
#.#######
#.....o..#
##........


You could see a hornet, an orc warrior and an orc.

Notes
Turn   | Place    | Note
-------+----------+-------------------------------------------
     0 | D:1      | theanonym the Mummy Chaos Knight began the quest for the Orb.
     0 | D:1      | Reached XP level 1. HP: 18/18 MP: 1/1
    92 | D:1      | Reached XP level 2. HP: 18/24 MP: 2/2
   275 | D:1      | Reached skill level 3 in Axes
   479 | D:1      | XOM: god gift: wand of acid (7) {god gift}
   543 | D:2      | Reached XP level 3. HP: 24/29 MP: 3/3
   620 | D:2      | XOM: harmless Pois miscast
  1374 | D:3      | XOM: divination: detect creatures
  1378 | D:3      | XOM: noise
  1383 | D:2      | Reached XP level 4. HP: 31/37 MP: 4/4
  1563 | D:3      | XOM: mild Necr miscast
  1618 | D:3      | Reached skill level 4 in Axes
  1636 | D:3      | Reached skill level 4 in Fighting
  1734 | D:3      | XOM: medium Fire miscast
  1734 | D:3      | HP: 10/37 [something (19)]
  2080 | D:3      | XOM: medium Necr miscast
  2081 | D:3      | Noticed a shadow
  2081 | D:3      | Noticed a shadow
  2083 | D:3      | HP: 14/37 [shadow[the capriciousness of Xom] (5)]
  2365 | D:4      | Found a shimmering altar of Xom.
  2366 | D:4      | Found a shimmering altar of Xom.
  2366 | D:4      | Found a shimmering altar of Xom.
  2372 | D:4      | Found a shimmering altar of Xom.
  2372 | D:4      | Found a shimmering altar of Xom.
  2373 | D:4      | Found a shimmering altar of Xom.
  2374 | D:4      | Found a shimmering altar of Xom.
  2380 | D:4      | Found a shimmering altar of Xom.
  2380 | D:4      | You fall through a shaft for 2 floors!
  2380 | D:6      | Noticed a bullfrog
  2380 | D:6      | Noticed an orc warrior
  2387 | D:6      | Noticed a black bear
  2389 | D:6      | XOM: enchant monster (good)
  2402 | D:6      | XOM: potion effect (heal wounds)
  2404 | D:6      | XOM: potion effect (might)
  2405 | D:6      | Noticed a hornet
  2405 | D:6      | a bullfrog changed into a hornet
  2405 | D:6      | XOM: polymorph bullfrog -> hornet
  2408 | D:6      | HP: 15/37 [orc warrior/trident (8)]
  2414 | D:6      | HP: 5/37 [hornet (11)]
  2414 | D:6      | XOM: smoke on damage
  2416 | D:6      | Slain by an orc warrior

Vanquished Creatures
  An orc wizard (D:2)
  2 adders
  3 worms
  A dart slug (D:1)
  3 leopard geckos
  5 orcs (D:3)
  8 bats
  A giant cockroach (D:3)
  4 goblins
  6 hobgoblins
  8 jackals (D:2)
  A quokka (D:2)
  6 frilled lizards
  9 kobolds
  5 rats
  5 plants (D:1)
68 creatures vanquished.

Vanquished Creatures (collateral kills)
  An orc (D:2)
  A kobold (D:2)
2 creatures vanquished.

Grand Total: 70 creatures vanquished

Table legend:
 A = Turns spent in this place as a percentage of turns spent in the entire game.
 B = Non-inter-level travel turns spent in this place as a percentage of non-inter-level travel turns spent in the entire game.
 C = Inter-level travel turns spent in this place as a percentage of turns spent in this place.
 D = Turns resting spent in this place as a percentage of non-inter-level travel turns spent in this place.
 E = Turns spent auto-exploring this place as a percentage of non-inter-level travel turns spent in this place.
 F = Non-inter-level travel turns spent in this place divided by the number of levels of this place that you've seen.
                   A       B       C       D       E      F
               +-------+-------+-------+-------+-------+----------------------
         Total | 100.0 | 100.0 |   5.0 |  27.3 |  51.7 | 459.2
       Dungeon | 100.0 | 100.0 |   5.0 |  27.3 |  51.7 | 459.2
               +-------+-------+-------+-------+-------+----------------------
